 Dungeon Crawl Stone Soup version 0.30-a0-1123-gabc949cf19 (webtiles) character file.

Game seed: 1266927967677848556

51287 themarg the Convoker (level 14, -10/110 HPs)
             Began as a Merfolk Summoner on Apr 23, 2023.
             Was a High Priest of Sif Muna.
             Mangled by a death yak (12 damage)
             ... on level 5 of the Lair of Beasts.
             The game lasted 01:08:33 (26670 turns).

themarg the Convoker (Merfolk Summoner)            Turns: 26670, Time: 01:08:33

Health: -10/110    AC: 17    Str:  8    XL:     14   Next: 59%
Magic:  8/27       EV: 13    Int: 19    God:    Sif Muna [*****.]
Gold:   1153       SH:  0    Dex: 15    Spells: 7/31 levels left

rFire   . . .        y - +0 trident
rCold   + + .        B - +1 buckler
rNeg    . . .        w - +2 steam dragon scales
rPois   .            O - +2 helmet
rElec   +            h - +2 cloak
rCorr   .            Q - +2 pair of gloves
SInv    .            (no boots)
Will    +++..        I - amulet of the acrobat
Stlth   +            q - ring of willpower
HPRegen 0.38/turn    o - ring of Cudwam {rElec rC++ Will+ Slay+3}
MPRegen 0.20/turn

%: acrobat
@: confused, about to teleport, ambrosia-drunk
A: (nimble swimmer 2), mertail
a: Renounce Religion, Channel Magic, Forget Spell, Divine Exegesis


You were on level 5 of the Lair of Beasts.
You worshipped Sif Muna.
Sif Muna was extremely pleased with you.
You visited 3 branches of the dungeon, and saw 17 of its levels.

You collected 1153 gold pieces.

Inventory:

Hand Weapons
 y - a +0 trident (weapon)
Missiles
 c - 165 stones
 m - a throwing net
 n - 6 javelins
 v - 8 boomerangs
 E - 28 poisoned darts (quivered)
Armour
 h - a +2 cloak (worn)
 w - +2 steam dragon scales (worn)
 B - a +1 buckler (worn)
 O - a +2 helmet (worn)
 Q - a +2 pair of gloves (worn)
 V - a scarf of shadows
Jewellery
 o - the ring of Cudwam (right hand) {rElec rC++ Will+ Slay+3}
   (You found it on level 4 of the Lair of Beasts)

   [ring of willpower]

   Slay:      It affects your accuracy & damage with ranged weapons and melee
   (+3).
   rC:        It greatly protects you from cold.
   rElec:     It insulates you from electricity.
   Will:      It increases your willpower.
 q - a ring of willpower (left hand)
 u - a ring of resist corrosion
 G - a +6 ring of dexterity
 H - a +6 ring of dexterity
 I - an amulet of the acrobat (around neck)
 K - a ring of magical power
Wands
 a - a wand of charming (15)
 J - a wand of iceblast (9)
 R - a wand of digging (6)
 T - a wand of flame (5)
Scrolls
 d - a scroll of acquirement {unknown}
 e - 6 scrolls of teleportation
 i - 5 scrolls of magic mapping
 k - 2 scrolls of summoning
 p - 3 scrolls of torment
 r - 3 scrolls of vulnerability
 s - a scroll of amnesia
 t - 2 scrolls of fog
 A - 3 scrolls of immolation
 D - 5 scrolls of poison
 M - a scroll of fear
Potions
 b - 2 potions of haste
 f - a potion of heal wounds {unknown}
 g - 7 potions of curing
 j - 4 potions of brilliance
 l - 2 potions of ambrosia
 x - 2 potions of attraction
 z - a potion of might
 C - a potion of flight {unknown}
 F - 2 potions of invisibility
 L - 2 potions of mutation
 U - 2 potions of degeneration {unknown}


   Skills:
 - Level 10.0 Fighting
 - Level 5.0 Armour
 - Level 5.0 Dodging
 - Level 3.0 Stealth
 - Level 5.0 Shields
 + Level 9.3 Spellcasting
 - Level 5.0 Hexes
 + Level 17.6 Summonings
 - Level 4.0 Ice Magic
 - Level 5.0 Air Magic


You had 7 spell levels left.
You knew the following spells:

 Your Spells              Type           Power      Damage    Failure   Level
a - Summon Small Mammal   Summ           100%       N/A       0%          1
b - Monstrous Menagerie   Summ           33%        N/A       6%          7
c - Call Canine Familiar  Summ           66%        N/A       1%          3
e - Summon Lightning Spi  Summ/Air       51%        N/A       1%          4
f - Summon Ice Beast      Ice/Summ       49%        N/A       1%          4
g - Summon Mana Viper     Hex/Summ       51%        N/A       2%          5

Your spell library contained the following spells:

 Spells                   Type           Power      Damage    Failure   Level
 Call Imp                 Summ           100%       N/A       0%          2
 Summon Guardian Golem    Hex/Summ       51%        N/A       1%          3
 Animate Armour           Summ/Erth      84%        N/A       2%          4
 Confusing Touch          Hex            27%        N/A       4%          3
 Ozocubu's Armour         Ice            24%        N/A       6%          3
 Kiss of Death            Conj/Necr      32%        2d7       11%         1
 Dazzling Flash           Conj/Hex       36%        N/A       11%         3
 Inner Flame              Hex/Fire       18%        N/A       11%         3
 Portal Projectile        Hex/Tloc       36%        N/A       11%         3
 Gell's Gravitas          Tloc           8%         N/A       30%         3
 Stone Arrow              Conj/Erth      16%        3d8       30%         3
 Volatile Blastmotes      Fire/Tloc      16%        2d11      30%         3
 Anguish                  Hex/Necr       9%         N/A       36%         4
 Leda's Liquefaction      Hex/Erth       9%         N/A       36%         4
 Metabolic Englaciation   Hex/Ice        12%        N/A       41%         5
 Freezing Cloud           Conj/Ice/Air   10%        6-21      63%         5
 Dispel Undead            Necr           8%         3d8       71%         4
 Iskenderun's Mystic Bla  Conj/Tloc      8%         2d4       71%         4
 Olgreb's Toxic Radiance  Pois           8%         N/A       71%         4
 Yara's Violent Unravell  Hex/Tmut       9%         3d6       71%         5
 Haunt                    Necr/Summ      21%        N/A       93%         7
 Spellforged Servitor     Conj/Summ      21%        N/A       93%         7
 Starburst                Conj/Fire      4%         6d3       100%        6
 Enfeeble                 Hex            13%        N/A       100%        7
 Ozocubu's Refrigeration  Ice            12%        4d10      100%        7
 Discord                  Hex            13%        N/A       100%        8
 Ignition                 Fire           4%         3d4       100%        8
 Lehudib's Crystal Spear  Conj/Erth      4%         10d3      100%        8
 Maxwell's Capacitive Co  Air            13%        ∞         100%        8
 Dragon's Call            Summ           33%        N/A       100%        9


Dungeon Overview and Level Annotations

Branches:
Dungeon (11/15)            Temple (1/1) D:5            Lair (5/5) D:9
 Shoals (0/4) Lair:3        Snake (0/4) Lair:2        Slime (0/5) Lair:5
    Orc (0/2) D:10

Altars:
Ashenzari
Dithmenos
Gozag
Hepliaklqana
Kikubaaqudgha
Nemelex Xobeh
Okawaru
Qazlal
Sif Muna
Trog
Uskayaw
Vehumet
Wu Jian
Xom
Yredelemnul
Zin
The Shining One

Shops:
D:3 :   D:11 =

Annotations:
D:3 2 transporters, Likado's ghost, amateur DrRe
D:11 2 transporters


Innate Abilities, Weirdness & Mutations

((You are very nimble when in or above water. (Stealth+, EV+, Speed+++)))
Your lower body shifts to a powerful aquatic tail in water.


Message History

You block the skyshark's attack. The skyshark tail-slaps you!
You block the skyshark's attack.
Your ice beast barely misses the skyshark.
Aiming: Iceblast
Press: ? - help, Shift-Dir - straight line That beam is likely to hit you.
Continue anyway?
The mass of ice explodes!
The iceblast engulfs the death yak!
The death yak is moderately wounded.
The iceblast engulfs your ice beast.
Your ice beast partially resists.
Your ice beast is lightly wounded.
The iceblast engulfs the death yak!
The death yak is almost dead.
The iceblast engulfs the skyshark!
The skyshark is heavily wounded.
The iceblast engulfs you. You partially resist.
Your ice beast disappears in a puff of smoke!
The skyshark bites you. The skyshark tail-slaps you.
The skyshark barely misses you. The skyshark bites you.
The skyshark tail-slaps you!
The skyshark tail-slaps you but does no damage.
The skyshark closely misses you.
The skyshark tail-slaps you but does no damage.
The skyshark tail-slaps you!
* * * LOW HITPOINT WARNING * * *
As you read the scroll of teleportation, it crumbles to dust.
You feel strangely unstable. You block the skyshark's attack.
The skyshark tail-slaps you.
* * * LOW HITPOINT WARNING * * *
The skyshark tail-slaps you.
* * * LOW HITPOINT WARNING * * *
You block the death yak's attack.
You are confused.
You feel invigorated. The skyshark bites you!
* * * LOW HITPOINT WARNING * * *
The skyshark tail-slaps you but does no damage. x2
The death yak gores you!
* * * LOW HITPOINT WARNING * * *
The death yak gores you!
You die...

.......#****
.......## ####
.†......####.P##
...#.P#........##
....###.........##
....#.#..........###
...###..........#..#
...............Y...#
###............l@.###
...............Y..#.#
...........).......##
.......)............#
$..÷..........<...###
.÷÷...............#
.....÷.#..#.#..####
......###.#....###
........####.....##**


You could see 2 death yaks and a skyshark (berserk).

Vanquished Creatures
  A hydra (Lair:4)
  2 death yaks (Lair:4)
  An elephant (Lair:4)
  3 cane toads (Lair:3)
  A polar bear (Lair:1)
  2 blink frogs (Lair:2)
  A wyvern (D:9)
  A vampire mosquito (Lair:4)
  A steam dragon (D:8)
  Edmund (D:4)
  2 water moccasins
  A sky beast (D:8)
  A black bear (D:7)
  2 wolves (Lair:1)
  A nameless horror (D:9)
  A kobold brigand (D:7)
  A bullfrog (Lair:3)
  A scorpion (D:4)
  3 killer bees (D:9)
  A jelly (Lair:5)
  3 hounds
  An orc priest (D:10)
  2 adders
  A shadow imp (D:6)
  A dart slug (D:1)
  5 orcs
  An endoplasm (D:2)
  3 goblins
  A hobgoblin (D:2)
  A jackal (D:5)
  2 kobolds
  A quokka (D:4)
  3 ball pythons
  2 bats
  A rat (D:3)
56 creatures vanquished.

Vanquished Creatures (collateral kills)
  Nessos (Lair:4)
  Josephine (Lair:5)
  2 hydras
  A catoblepas (Lair:3)
  2 death yaks (Lair:4)
  A two-headed ogre (D:11)
  3 skysharks
  Amaemon (Lair:2)
  A lindwurm (Lair:5)
  Pikel (D:9)
  An oklob plant (Lair:4)
  A cyclops (D:11)
  A nameless horror (Lair:4)
  6 elephants
  An orange demon (Lair:2)
  A torpor snail (Lair:3)
  A black mamba (Lair:4)
  4 komodo dragons
  Maggie (D:9)
  Psyche (D:8)
  13 cane toads
  2 unseen horrors
  3 kobold demonologists
  6 rime drakes
  A tyrant leech (Lair:5)
  Prince Ribbit (Lair:2)
  A hornet (D:9)
  A polar bear (Lair:1)
  21 blink frogs
  A dream sheep (Lair:3)
  A shadow (D:11)
  A vampire (D:10)
  10 wraiths
  43 yaks
  4 wyverns
  4 basilisks
  3 vampire mosquitoes (Lair:5)
  3 nagas (Lair:2)
  An acid dragon (D:9)
  17 water moccasins
  An orc warrior (D:10)
  A sky beast (D:7)
  2 ice beasts
  A black bear (Lair:3)
  3 ogres
  15 wolves
  5 centaurs
  2 lemures (D:9)
  A phantom (D:7)
  6 bullfrogs
  A scorpion (D:4)
  4 wights (D:6)
  16 killer bees
  3 howler monkeys
  2 hounds
  3 jellies
  7 orc priests
  4 sleepcaps
  3 iguanas
  9 orc wizards
  10 gnolls
  4 adders
  3 white imps
  An ufetubus (D:5)
  4 worms
  30 orcs
  7 endoplasms
  2 giant cockroaches
  8 hobgoblins
  3 jackals (D:5)
  16 kobolds
  4 quokkas (D:2)
  3 ball pythons (D:1)
  13 bats
  2 frilled lizards (D:1)
  8 goblins
  7 rats
  A spectral orc (D:8)
384 creatures vanquished.

Vanquished Creatures (others)
  Gastronok (Lair:2)
  A boulder beetle (D:11)
  3 death yaks (Lair:1)
  An elephant (Lair:1)
  2 gargoyles (D:11)
  A rime drake (Lair:3)
  A blink frog (Lair:1)
  2 yaks (D:5)
  An ogre (D:5)
  An orc priest (D:5)
  3 gnolls (D:5)
  An orc (D:6)
  39 fungi
  126 plants
183 creatures vanquished.

Grand Total: 623 creatures vanquished

Notes
Turn   | Place    | Note
-------+----------+-------------------------------------------
     0 | D:1      | themarg the Merfolk Summoner began the quest for the Orb.
     0 | D:1      | Reached XP level 1. HP: 13/13 MP: 3/3
   304 | D:1      | Reached XP level 2. HP: 15/19 MP: 1/5
   307 | D:1      | Learned a level 2 spell: Call Imp
  1020 | D:1      | Reached XP level 3. HP: 19/24 MP: 3/6
  1025 | D:1      | Learned a level 3 spell: Call Canine Familiar
  1277 | D:2      | Reached skill level 5 in Summonings
  1498 | D:2      | Reached XP level 4. HP: 30/30 MP: 1/7
  2139 | D:2      | You fall into a shaft and drop 2 floors!
  2436 | D:3      | Found Eqogho's Book Shoppe.
  2688 | D:3      | Noticed a necrophage
  2823 | D:3      | Found a transporter.
  2826 | D:3      | Noticed Likado's ghost (amateur DrRe)
  2829 | D:3      | Found a transporter.
  3595 | D:4      | Reached skill level 6 in Summonings
  3597 | D:4      | Reached XP level 5. HP: 35/35 MP: 0/8
  3869 | D:4      | Reached XP level 6. HP: 41/41 MP: 3/9
  3872 | D:4      | Reached skill level 7 in Summonings
  4233 | D:4      | Noticed Edmund
  4252 | D:4      | Killed Edmund
  4253 | D:4      | Reached skill level 8 in Summonings
  4404 | D:4      | Reached XP level 7. HP: 46/46 MP: 4/10
  4785 | D:4      | Reached skill level 1 in Hexes
  5086 | D:5      | Entered Level 5 of the Dungeon
  5153 | D:5      | Reached skill level 1 in Air Magic
  5205 | D:5      | Learned a level 3 spell: Summon Guardian Golem
  5543 | D:5      | Reached XP level 8. HP: 22/52 MP: 1/12
  5823 | D:5      | Found a staircase to the Ecumenical Temple.
  5828 | Temple   | Entered the Ecumenical Temple
  5867 | Temple   | Became a worshipper of Sif Muna the Loreminder
  6348 | D:5      | Noticed a yak
  6355 | D:5      | Noticed a yak
  6363 | D:5      | Noticed a yak
  6364 | D:5      | Killed a yak
  6365 | D:5      | Reached skill level 9 in Summonings
  6377 | D:5      | Noticed a yak
  6384 | D:5      | Killed a yak
  6593 | D:5      | Killed a yak
  6807 | D:5      | Killed a yak
  6808 | D:5      | Reached XP level 9. HP: 57/57 MP: 10/15
  6813 | D:5      | Learned a level 4 spell: Summon Lightning Spire
  7512 | D:6      | Reached * piety under Sif Muna
  7757 | D:6      | Reached skill level 10 in Summonings
  8315 | D:6      | Reached skill level 1 in Fighting
  9414 | D:7      | Reached skill level 5 in Spellcasting
  9607 | D:7      | Reached skill level 5 in Fighting
  9607 | D:7      | Reached ** piety under Sif Muna
  9759 | D:7      | Reached skill level 1 in Shields
  9767 | D:7      | Found a bloodstained altar of Trog.
  9929 | D:7      | Found a shimmering altar of Xom.
 10797 | D:8      | Killed an unseen horror
 10798 | D:8      | Reached XP level 10. HP: 15/74 MP: 11/17
 10994 | D:8      | Found a sparkling altar of Nemelex Xobeh.
 11022 | D:8      | Reached skill level 5 in Shields
 11402 | D:8      | Noticed Psyche
 11410 | D:8      | Killed Psyche
 11567 | D:8      | Found a basalt altar of Yredelemnul.
 11904 | D:9      | Found a staircase to the Lair.
 11966 | D:9      | Noticed Maggie
 11983 | D:9      | Killed Maggie
 12531 | D:9      | Noticed a kobold demonologist
 12533 | D:9      | Noticed a sun demon
 12533 | D:9      | Noticed a kobold demonologist
 12537 | D:9      | Noticed an orange demon
 12542 | D:9      | Noticed an orange demon
 12545 | D:9      | Killed a kobold demonologist
 12551 | D:9      | Killed a kobold demonologist
 12915 | D:9      | Found an ancient bone altar of Kikubaaqudgha.
 12922 | D:9      | Found a broken altar of Ashenzari.
 13028 | D:9      | Noticed Pikel
 13108 | D:9      | Killed Pikel
 13109 | D:9      | Reached skill level 10 in Fighting
 13109 | D:9      | Reached XP level 11. HP: 90/90 MP: 7/18
 14102 | D:10     | Entered Level 10 of the Dungeon
 14407 | D:10     | Reached skill level 5 in Air Magic
 14670 | D:10     | Found an iron altar of Okawaru.
 15068 | D:10     | Reached *** piety under Sif Muna
 15172 | D:10     | Found a staircase to the Orcish Mines.
 15555 | D:11     | Reached skill level 1 in Ice Magic
 15588 | D:11     | Reached skill level 11 in Summonings
 15637 | D:11     | Noticed a boulder beetle
 15646 | D:11     | Killed a boulder beetle
 15790 | D:11     | Identified the +2 pair of gloves "Plog" {Harm Str+3 Dex-4}
 15802 | D:11     | Noticed a cyclops
 15806 | D:11     | Killed a cyclops
 15882 | D:11     | Noticed a two-headed ogre
 15908 | D:11     | Killed a two-headed ogre
 16159 | D:11     | Reached skill level 12 in Summonings
 16164 | D:11     | Learned a level 4 spell: Summon Ice Beast
 16643 | D:11     | Found a transporter.
 16646 | D:11     | Noticed a manticore
 16648 | D:11     | Found Bofub's Jewellery Emporium.
 16792 | D:11     | Found a transporter.
 16959 | Lair:1   | Entered Level 1 of the Lair of Beasts
 16991 | Lair:1   | Reached XP level 12. HP: 65/97 MP: 3/22
 17003 | Lair:1   | Reached skill level 5 in Dodging
 17231 | Lair:1   | Noticed a death yak
 17238 | Lair:1   | Noticed a death yak
 17239 | Lair:1   | Noticed a death yak
 17240 | Lair:1   | Killed a death yak
 17261 | Lair:1   | Killed a death yak
 17265 | Lair:1   | Killed a death yak
 17270 | Lair:1   | Reached **** piety under Sif Muna
 17562 | Lair:1   | Reached skill level 13 in Summonings
 17628 | Lair:1   | Learned a level 5 spell: Summon Mana Viper
 18430 | Lair:1   | Reached skill level 5 in Hexes
 19092 | Lair:2   | Noticed Amaemon
 19104 | Lair:2   | Noticed a skyshark
 19111 | Lair:2   | Killed a skyshark
 19112 | Lair:2   | Reached skill level 14 in Summonings
 19681 | Lair:2   | Reached XP level 13. HP: 103/103 MP: 7/23
 19997 | Lair:2   | Found a staircase to the Snake Pit.
 20131 | Lair:2   | Noticed Gastronok
 20154 | Lair:2   | Killed Gastronok
 20155 | Lair:2   | Reached skill level 15 in Summonings
 20361 | Lair:2   | Noticed Prince Ribbit
 20376 | Lair:2   | Killed Prince Ribbit
 20733 | Lair:2   | Killed Amaemon
 20734 | Lair:2   | Reached skill level 1 in Armour
 20853 | Lair:3   | Reached ***** piety under Sif Muna
 21210 | Lair:3   | Found a staircase to the Shoals.
 21654 | Lair:3   | Received a gift from Sif Muna
 21655 | Lair:3   | Got Sif Muna's Secrets of Doom and Aeromancy {god gift}
 23652 | Lair:4   | Reached skill level 16 in Summonings
 23906 | Lair:4   | Reached skill level 5 in Armour
 23914 | Lair:4   | Learned a level 7 spell: Monstrous Menagerie
 24268 | Lair:4   | Reached XP level 14. HP: 105/110 MP: 4/26
 24635 | Lair:4   | Identified the ring of Cudwam {rElec rC++ Will+ Slay+3}
 24874 | Lair:4   | Noticed Nessos
 24884 | Lair:4   | Killed Nessos
 25025 | Lair:4   | Reached skill level 17 in Summonings
 25803 | Lair:5   | Entered Level 5 of the Lair of Beasts
 25803 | Lair:5   | Noticed Josephine
 25817 | Lair:5   | Found a staircase to the Slime Pits.
 26011 | Lair:5   | Received a gift from Sif Muna
 26012 | Lair:5   | Got Sif Muna's Volume of Coordinates and the Mob {god gift}
 26268 | Lair:5   | Killed Josephine
 26670 | Lair:5   | HP: 2/110 [death yak (17)]
 26670 | Lair:5   | Mangled by a death yak

Illustrated notes

Levels and vault maps discovered:
D:1:      dpeg_arrival_short_road, layout_loops_cross, nicolae_eternal_life,
          grunt_decor_resistance
D:2:      layout_basic
D:3:      layout_basic, serial_shops, nicolae_shop_crystal,
          gammafunk_ghost_mausoleum
D:4:      layout_basic, uniq_edmund
D:5:      corexii_shack_village, layout_rooms, temple_doors_e, roderic_batcave
D:6:      layout_layer_cave
D:7:      layout_basic, mainiacjoe_overflow_concentric_impassable,
          xom_teletrap_fun, interstate_on_off
D:8:      layout_basic, mainiacjoe_overflow_chevrons,
          yredelemnul_forgotten_temple_becter, kennysheep_generic_room_8,
          uniq_psyche
D:9:      layout_grid_maze, jmf_multi_god_temple, lair_entry_dummy, uniq_pikel,
          uniq_maggie
D:10:     layout_layer_cave, mainiacjoe_overflow_six_doors_small,
          hiddenorc1_lemuel
D:11:     layout_stronghold, serial_shops, nicolae_shop_drivethru
Temple:   regret_index_temple_waves
Lair:1:   layout_small_grid, eino_small_chamber_without_monster
Lair:2:   layout_gridlike, guppyfry_snake_entry_garden, uniq_amaemon,
          uniq_prince_ribbit2, uniq_gastronok
Lair:3:   nzn_winding_woodlands_small [nzn_winding_woodlands_5x15_crooked,
          nzn_winding_woodlands_center_garden,
          nzn_winding_woodlands_5x15_jagged], layout_long_grid,
          shoals_dummy_entry, wad_woods_road_06, lemuel_fruit_fields
Lair:4:   layout_concentric_octagons, uniq_nessos
Lair:5:   minmay_lair_end_frog_pond, layout_cellular_growth,
          minmay_slime_entry_pillars, st_stairs_4, nicolae_lair_liquid_snakes,
          uniq_josephine

Skill      XL: |  1  2  3  4  5  6  7  8  9 10 11 12 13 14 |
---------------+-------------------------------------------+-----
Summonings     | 5 6 8 9 10 12 14 16 17 | 17.6
Hexes          | 1 3 4 5 |  5.0
Air Magic      | 1 3 4 5 |  5.0
Spellcasting   | 4 5 7 8 9 |  9.3
Fighting       | 5 10 | 10.0
Shields        | 4 5 |  5.0
Ice Magic      | 4 |  4.0
Dodging        | 5 |  5.0
Stealth        | 3 |  3.0
Armour         | 5 |  5.0

Action                     |  1- 3 |  4- 6 |  7- 9 | 10-12 | 13-15 || total
---------------------------+-------+-------+-------+-------+-------++-------
  Melee: Dagger            |    14 |       |       |       |       ||    14
         Unarmed           |     5 |       |       |       |       ||     5
         Short sword       |    12 |    32 |       |       |       ||    44
         Spear             |       |    10 |    90 |       |       ||   100
         Trident           |       |       |    65 |   171 |   113 ||   349
         Punch             |       |       |     1 |     1 |       ||     2
         Tailslap          |       |       |       |       |     1 ||     1
  Throw: Dart              |       |       |       |     8 |       ||     8
   Cast: Summon Small Mamm |    46 |    22 |    17 |       |       ||    85
         Call Canine Famil |     3 |    19 |    57 |    52 |    27 ||   158
         Call Imp          |     2 |    18 |    23 |     4 |       ||    47
         Summon Guardian G |       |       |    19 |    17 |     3 ||    39
         Summon Lightning  |       |       |    16 |    58 |    41 ||   115
         Summon Ice Beast  |       |       |       |    21 |    57 ||    78
         Summon Mana Viper |       |       |       |    15 |    43 ||    58
         Monstrous Menager |       |       |       |       |    27 ||    27
  Evoke: Wand              |       |       |       |     4 |     8 ||    12
    Use: Scroll            |       |     6 |     6 |    14 |     7 ||    33
         Potion            |       |       |     2 |     2 |     1 ||     5
   Stab: Distracted        |       |     1 |     7 |     4 |     2 ||    14
         Invisible         |       |       |       |     4 |       ||     4
 Armour: Robe              |     6 |     5 |    25 |    20 |       ||    56
         Steam dragon scal |       |       |       |    44 |    59 ||   103
  Dodge: Dodged            |    30 |    24 |    80 |   116 |   107 ||   357
  Block: Buckler           |       |       |       |    26 |    63 ||    89

Table legend: (Time is in decaauts)
 A = Elapsed time spent in this place.
 B = Non-inter-level travel time spent in this place.
 C = Inter-level travel time spent in this place.
 D = Time resting spent in this place.
 E = Time spent auto-exploring this place.
 F = Levels seen in this place.
 G = Mean time per level.
                   A        B        C        D        E       F      G
               +--------+--------+--------+--------+--------+-----+--------+
         Total |  26822 |  25506 |   1316 |   2555 |  18811 |  17 | 1577.8 |
       Dungeon |  16980 |  15981 |    999 |   1255 |  12170 |  11 | 1543.6 |
        Temple |     67 |     39 |     28 |      0 |     28 |   1 |   67.0 |
          Lair |   9774 |   9485 |    289 |   1300 |   6611 |   5 | 1954.8 |
               +--------+--------+--------+--------+--------+-----+--------+

Top non-repeatable levels by time:
  Lair:3: 2695 daAuts
  Lair:4: 2519 daAuts
  Lair:1: 2241 daAuts
     D:9: 2171 daAuts
     D:5: 1935 daAuts
     D:6: 1869 daAuts
     D:4: 1809 daAuts
  Lair:2: 1663 daAuts
    D:11: 1498 daAuts
     D:8: 1434 daAuts
    D:10: 1352 daAuts
     D:3: 1349 daAuts
     D:7: 1282 daAuts
     D:1: 1241 daAuts
     D:2: 1035 daAuts
